 Dungeon Crawl Stone Soup version 0.27.1-4-g1640c2035a (webtiles) character file.

Game seed: 10158082960257513603

8664 Iepvzaeh the Carver (level 11, -7/145 HPs)
             Began as a Minotaur Berserker on Nov 2, 2021.
             Was an Elder of Trog.
             Mangled by a freezing wraith (12 damage)
             ... led by a death knight
             ... on level 13 of the Dungeon.
             The game lasted 00:36:29 (11322 turns).

Iepvzaeh the Carver (Minotaur Berserker)           Turns: 11322, Time: 00:36:31

Health: -7/145     AC: 15    Str: 24    XL:     11   Next: 12%
Magic:  10/10      EV: 13    Int:  4    God:    Trog [****..]
Gold:   218        SH:  0    Dex: 17    Spells: 10/10 levels left

rFire    . . .     SeeInvis .   a - +5 great sword
rCold    . . .     Faith    .   (shield currently unavailable)
rNeg     . . .     Spirit   .   S - +0 plate armour
rPois    .         Reflect  .   (helmet restricted)
rElec    .         Harm     .   E - +0 cloak
rCorr    .         Rampage  .   L - +0 pair of gloves
Will     .....                  (no boots)
Stlth    ..........             (no amulet)
HPRegen  0.34/turn              p - +6 ring of dexterity
MPRegen  0.12/turn              w - +4 ring of evasion

@: berserking, slowed
A: horns 2, retaliatory headbutt
a: Renounce Religion, Berserk, Trog's Hand, Brothers in Arms


You were on level 13 of the Dungeon.
You worshipped Trog.
Trog was greatly pleased with you.
You visited 1 branch of the dungeon, and saw 12 of its levels.

You collected 356 gold pieces.
You spent 138 gold pieces at shops.

Inventory:

Hand Weapons
 a - a +5 great sword (weapon)
 b - a +0 shortbow
 t - a +4 trident
 z - a +1 spectral quarterstaff
 D - the +5 dagger "Pacesigi" {flame, rPois}
   (You found it on level 8 of the Dungeon)

   It burns those it strikes, dealing additional fire damage.
   rPois:     It protects you from poison.
 G - a +2 hand axe of venom
Missiles
 d - 12 poisoned darts
 l - 217 stones
 A - 148 arrows
 H - 65 bolts
Armour
 E - a +0 cloak (worn)
 L - a +0 pair of gloves (worn)
 P - a +3 leather armour
 S - a +0 plate armour (worn)
Jewellery
 p - a +6 ring of dexterity (left hand)
 s - a ring of protection from fire
 w - a +4 ring of evasion (right hand)
 N - a ring of ice
Wands
 x - a wand of flame (10) (quivered)
 I - a wand of polymorph (13)
 O - a wand of iceblast (6)
 T - a wand of paralysis (9)
Scrolls
 c - a scroll of fog
 e - 2 scrolls of enchant weapon
 k - a scroll of immolation {unknown}
 o - 7 scrolls of teleportation
 q - a scroll of blinking {unknown}
 r - a scroll of holy word {unknown}
 v - 2 scrolls of acquirement {unknown}
 y - 3 scrolls of noise
 F - 4 scrolls of enchant armour {unknown}
 K - a scroll of magic mapping {unknown}
 M - 2 scrolls of identify
 Q - a scroll of summoning {unknown}
 R - a scroll of fear
Potions
 f - a potion of flight
 g - a potion of attraction
 h - a potion of degeneration {unknown}
 i - 3 potions of mutation
 j - 2 potions of resistance {unknown}
 m - a potion of haste {unknown}
 n - 6 potions of lignification
 u - 2 potions of curing
 B - 2 potions of cancellation
 C - 3 potions of ambrosia
 J - a potion of heal wounds {unknown}


   Skills:
 + Level 9.2 Fighting
 * Level 10.2 Long Blades
 - Level 3.3(4.7) Axes
 + Level 5.2(6.0) Polearms
 + Level 2.9(4.4) Staves
 - Level 7.6(8.0) Slings
 + Level 6.1 Bows
 - Level 3.3(5.5) Throwing
 + Level 6.5 Armour
 + Level 4.5 Dodging
 + Level 1.2 Stealth
 + Level 3.0 Evocations


You had 10 spell levels left.
You didn't know any spells.
Your spell library was empty.

Dungeon Overview and Level Annotations

Branches:
Dungeon (14/15)            Temple (0/1) D:5
   Lair: D:8-11         Orc: D:9-12      Vaults: D:13-14

Altars:
Ashenzari
Dithmenos
Elyvilon
Fedhas
Ru
Uskayaw
Yredelemnul

Shops:
D:5 ?

Annotations:
D:14 Nessos


Innate Abilities, Weirdness & Mutations

You have a pair of horns on your head.
You reflexively headbutt those who attack you in melee.


Message History

You feel yourself moving faster!
You feel mighty! The freezing wraith hits you.
The freezing wraith freezes you!!
* * * LOW HITPOINT WARNING * * *
The freezing wraith hits you.
* * * LOW HITPOINT WARNING * * *
The freezing wraith drains your vigour!
You feel as though you will be slow longer.
The freezing wraith hits you but does no damage. x2
You are too berserk!
You barely miss the freezing wraith.
The freezing wraith is moderately damaged.
The freezing wraith misses you. The freezing wraith hits you!
* * * LOW HITPOINT WARNING * * *
You closely miss the freezing wraith.
The freezing wraith is moderately damaged.
The freezing wraith hits you but does no damage.
The freezing wraith closely misses you.
You slash the freezing wraith!
The freezing wraith is heavily damaged.
The freezing wraith barely misses you. x2
You barely miss the freezing wraith.
Your headbutt misses the freezing wraith.
The freezing wraith is heavily damaged.
The freezing wraith hits you.
* * * LOW HITPOINT WARNING * * *
The freezing wraith freezes you!
* * * LOW HITPOINT WARNING * * *
The freezing wraith closely misses you. x2; You furiously retaliate!
You headbutt the freezing wraith.
You riposte.
Your plate armour prevents you from hitting the freezing wraith.
Your headbutt misses the freezing wraith.
The freezing wraith is heavily damaged.
The freezing wraith hits you but does no damage.
You slash the freezing wraith!
Your headbutt misses the freezing wraith.
The freezing wraith is almost destroyed.
The freezing wraith hits you.
* * * LOW HITPOINT WARNING * * *
The freezing wraith freezes you!
You die...

#.....#..†...>.......
###.....#..............
.........#..W...........
.........#....########..
.........#....+ ... .
.........#....# ....
.........####.# .....
............#.#......
+#.......@'.+......
#.......W#.#..####
#........#.# .#...
#........#.####...
#........#........
####........#........
............#........
####........#........
#........#.#


You could see a freezing wraith.

Vanquished Creatures
  A hydra (D:13)
  A two-headed ogre (D:9)
  Pikel (D:4)
  A manticore (D:13)
  Psyche (D:8)
  A kobold demonologist (D:9)
  A slime creature (D:8)
  Prince Ribbit (D:8)
  A wraith (D:13)
  3 wyverns
  4 yaks (D:8)
  A basilisk (D:8)
  2 steam dragons (D:9)
  2 water moccasins
  An orc warrior (D:9)
  An ice beast (D:5)
  4 ogres
  A necrophage (D:4)
  A phantom (D:6)
  4 centaurs
  A kobold brigand (D:9)
  3 bullfrogs
  A wyvern zombie (D:5)
  A wyvern skeleton (D:6)
  A water moccasin skeleton (D:5)
  11 killer bees (D:7)
  17 wights
  A howler monkey (D:7)
  2 centaur zombies (D:9)
  3 hounds
  3 centaur skeletons
  4 orc priests
  7 jellies
  2 gnoll shamans
  An iguana (D:5)
  A bullfrog skeleton (D:5)
  6 orc wizards (D:9)
  A hound zombie (D:5)
  A howler monkey zombie (D:6)
  7 gnolls
  7 adders
  A shadow imp (D:5)
  A white imp (D:5)
  An ufetubus (D:6)
  3 adder skeletons (D:4)
  3 worms
  A dart slug (D:4)
  31 orcs
  7 ball pythons
  5 bats
  9 endoplasms
  4 giant cockroaches
  8 goblins
  6 hobgoblins
  3 jackals (D:1)
  6 kobolds
  A quokka (D:1)
  6 frilled lizards
  6 rats
216 creatures vanquished.

Vanquished Creatures (others)
  An orc warrior (D:8)
1 creature vanquished.

Grand Total: 217 creatures vanquished

Notes
Turn   | Place    | Note
-------+----------+-------------------------------------------
     0 | D:1      | Iepvzaeh the Minotaur Berserker began the quest for the
                  | Orb.
     0 | D:1      | Reached XP level 1. HP: 19/19 MP: 0/0
   277 | D:1      | Reached XP level 2. HP: 27/27 MP: 1/1
   877 | D:1      | Reached ** piety under Trog
   883 | D:1      | Reached XP level 3. HP: 31/33 MP: 2/2
  1305 | D:2      | Found a faded altar of an unknown god.
  1871 | D:2      | Reached XP level 4. HP: 22/41 MP: 3/3
  2397 | D:3      | Found a broken altar of Ashenzari.
  2398 | D:3      | Found a hide-covered altar of Uskayaw.
  2410 | D:3      | Reached skill level 5 in Polearms
  2656 | D:3      | Reached skill level 1 in Slings
  2656 | D:3      | Reached XP level 5. HP: 25/47 MP: 4/4
  3023 | D:3      | Reached skill level 5 in Fighting
  3263 | D:4      | Found a basalt altar of Yredelemnul.
  3364 | D:4      | Noticed an ogre
  3371 | D:4      | Killed an ogre
  3371 | D:4      | Reached *** piety under Trog
  3372 | D:4      | Reached XP level 6. HP: 44/56 MP: 5/5
  3751 | D:4      | Noticed Pikel
  3762 | D:4      | Killed Pikel
  3763 | D:4      | Reached skill level 5 in Slings
  3763 | D:4      | Reached skill level 1 in Throwing
  3763 | D:4      | Reached XP level 7. HP: 54/63 MP: 6/6
  4267 | D:4      | Reached XP level 8. HP: 49/71 MP: 7/7
  4523 | D:5      | Entered Level 5 of the Dungeon
  4732 | D:5      | Found a staircase to the Ecumenical Temple.
  4754 | D:5      | Reached skill level 1 in Axes
  4962 | D:5      | Found Furgh's Magic Scroll Shoppe.
  4991 | D:5      | Bought a scroll of identify for 24 gold pieces
  4991 | D:5      | Bought a scroll of fear for 42 gold pieces
  4991 | D:5      | Bought a scroll of noise for 12 gold pieces
  4991 | D:5      | Bought a scroll of identify for 24 gold pieces
  4991 | D:5      | Bought a scroll of teleportation for 36 gold pieces
  5595 | D:6      | Found a white marble altar of Elyvilon.
  5698 | D:6      | Found a sacrificial altar of Ru.
  5704 | D:6      | Found a shadowy altar of Dithmenos.
  5715 | D:6      | Found a blossoming altar of Fedhas.
  5994 | D:6      | Reached XP level 9. HP: 74/79 MP: 8/8
  6183 | D:6      | Reached **** piety under Trog
  6184 | D:6      | Reached skill level 1 in Bows
  6184 | D:6      | Reached skill level 5 in Armour
  6493 | D:7      | Reached skill level 1 in Long Blades
  6848 | D:7      | Reached skill level 2 in Long Blades
  7067 | D:7      | Reached skill level 3 in Long Blades
  7544 | D:8      | Noticed Prince Ribbit
  7552 | D:8      | Killed Prince Ribbit
  7553 | D:8      | Reached skill level 4 in Long Blades
  7896 | D:8      | Reached skill level 5 in Long Blades
  8278 | D:8      | Reached XP level 10. HP: 88/88 MP: 9/9
  8292 | D:8      | Reached skill level 5 in Bows
  8332 | D:8      | Reached skill level 6 in Long Blades
  8678 | D:8      | Noticed Psyche
  8698 | D:8      | Killed Psyche
  8698 | D:8      | Noticed a manticore
  8768 | D:8      | Reached skill level 7 in Long Blades
  9035 | D:8      | Reached skill level 1 in Stealth
  9305 | D:8      | Identified the +5 dagger "Pacesigi" {flame, rPois}
  9339 | D:9      | Reached skill level 8 in Long Blades
  9345 | D:9      | Reached skill level 1 in Evocations
  9839 | D:9      | Noticed a two-headed ogre
  9846 | D:9      | Killed a two-headed ogre
  9847 | D:9      | Reached skill level 9 in Long Blades
 10330 | D:9      | Noticed a smoke demon
 10808 | D:10     | Entered Level 10 of the Dungeon
 10866 | D:10     | Noticed a two-headed ogre
 10866 | D:10     | You fall into a shaft and drop 3 floors!
 10879 | D:13     | Noticed a four-headed hydra
 10888 | D:13     | Killed a nine-headed hydra
 10889 | D:13     | Reached skill level 10 in Long Blades
 10889 | D:13     | Reached XP level 11. HP: 60/97 MP: 10/10
 11129 | D:14     | Noticed Nessos
 11129 | D:14     | Noticed a red ugly thing
 11129 | D:14     | Noticed a red ugly thing
 11129 | D:14     | Noticed a red ugly thing
 11129 | D:14     | Noticed a red ugly thing
 11129 | D:14     | Noticed a catoblepas
 11130 | D:14     | Noticed a red ugly thing
 11322 | D:13     | HP: 5/145 [freezing wraith[a death knight] (5)]
 11322 | D:13     | Mangled by a freezing wraith

Illustrated notes

Levels and vault maps discovered:
D:1:      roderic_octagonal_star, layout_rooms, roderic_lattice_a,
          grunt_decor_mini_mirrors, minmay_heptomino_h4
D:2:      layout_loops_cross, hellmonk_ecumenical_altar_pennies_from_heaven
D:3:      layout_rooms, nicolae_overflow_hidden_temple,
          minmay_misc_feat_diagonals
D:4:      layout_basic, mainiacjoe_overflow_small_starburst, interstate_on_off,
          uniq_pikel
D:5:      layout_basic, minmay_temple_entry_tees, serial_shops,
          nicolae_shop_stone, kennysheep_opposing_triangles
D:6:      layout_loops_cross, minmay_overflow_temple_star_quad,
          lemuel_tele_altar
D:7:      layout_basic, corner_web_ring, chequers_serial_rivers_small_a,
          eino_jars
D:8:      layout_gridville, minmay_misc_feat_square, minmay_shattered_shrine,
          uniq_prince_ribbit1, uniq_psyche
D:9:      layout_gridville, hangedman_corner_corridor
D:10:     layout_irregular_city, erik_lair_island, gammafunk_ghost_cemetery,
          uniq_erica
D:13:     layout_irregular_city, david_vaults_4, zin_treasury
D:14:     minmay_gate_of_8, layout_cave_pools, bloody_makhleb, uniq_jorgrun,
          uniq_rupert, uniq_nessos

Skill      XL: |  1  2  3  4  5  6  7  8  9 10 |
---------------+-------------------------------+-----
Polearms       | 4 5 |  5.2
Fighting       | 4 5 6 7 8 9 |  9.2
Armour         | 3 4 6 |  6.5
Slings         | 1 3 5 6 7 |  7.6
Staves         | 2 |  2.9
Throwing       | 1 3 |  3.3
Dodging        | 3 4 |  4.5
Axes           | 2 3 |  3.3
Bows           | 4 6 |  6.1
Long Blades    | 5 10 | 10.2
Stealth        | 1 |  1.2
Evocations     | 3 |  3.0

Action                   |  1- 3 |  4- 6 |  7- 9 | 10-12 || total
-------------------------+-------+-------+-------+-------++-------
Melee: Spear             |    87 |    13 |       |       ||   100
       Headbutt          |     8 |    12 |    21 |    33 ||    74
       Halberd           |       |    26 |       |       ||    26
       Quarterstaff      |       |    29 |       |       ||    29
       Hand axe          |       |       |    56 |       ||    56
       Great sword       |       |       |    36 |   104 ||   140
 Fire: Hunting sling     |    15 |    62 |    91 |       ||   168
       Shortbow          |       |       |    76 |    37 ||   113
Throw: Dart              |       |    16 |    17 |       ||    33
Invok: Berserk           |     1 |       |     2 |     4 ||     7
Evoke: Wand              |       |       |       |    46 ||    46
  Use: Scroll            |       |       |     8 |     5 ||    13
       Potion            |       |       |     1 |     1 ||     2
Armor: Leather armour    |     7 |       |     3 |    28 ||    38
       Ring mail         |    12 |     3 |       |       ||    15
       Scale mail        |       |    18 |    22 |       ||    40
       Plate armour      |       |       |       |    28 ||    28
Dodge: Dodged            |    48 |    41 |   143 |   127 ||   359
       Rpst.: Great sword |       |       |    15 |    18 ||    33
